 Dungeon Crawl Stone Soup version 0.20.1-1-g8b1a95d (webtiles) character file.

70 Lorindel the Magician (level 4, 0/25 HPs)
             Began as a Deep Elf Fire Elementalist on July 22, 2017.
             Slain by Frank's ghost (7 damage)
             ... on level 3 of the Dungeon.
             The game lasted 00:15:47 (1843 turns).

Lorindel the Magician (Deep Elf Fire Elementalist)  Turns: 1843, Time: 00:15:48

Health: 0/25       AC:  4    Str:  5    XL:     4   Next: 4%
Magic:  0/11       EV: 17    Int: 21    God:
Gold:   74         SH:  0    Dex: 20    Spells: 1/10 levels left

rFire    . . .     SeeInvis .   d - +0 spear
rCold    . . .     Gourm    .   (no shield)
rNeg     . . .     Faith    .   t - +1 leather armour {MR+}
rPois    .         Spirit   .   (no helmet)
rElec    .         Reflect  .   h - scarf {repulsion}
rCorr    .         Harm     .   (no gloves)
MR       +....                  (no boots)
Stlth    +++.......             (no amulet)
Regen    0.1/turn               (no ring)
MPRegen  0.2/turn               (no ring)

@: agile, repel missiles
A: no striking features
a: no special abilities


You were on level 3 of the Dungeon.
You were hungry.

You visited 1 branch of the dungeon, and saw 3 of its levels.

You collected 74 gold pieces.

Inventory:

Hand Weapons
 d - a +0 spear (weapon)
 e - a +0 hand axe
 l - a +0 club
 o - a +0 short sword
 x - a +3 dagger of speed
Missiles
 f - 39 bolts
 j - 85 stones (quivered)
 v - 24 arrows
Armour
 a - a +0 robe
 h - a scarf of repulsion (worn)
 m - a +0 plate armour
 t - a +1 leather armour of magic resistance (worn)
Wands
 u - a wand of polymorph (12/24)
Scrolls
 q - a scroll of identify
 s - a scroll of noise
Potions
 g - a potion of mutation
 k - a potion of ambrosia
Books
 b - a book of Flames

   Spells                             Type                      Level
   a - Flame Tongue                   Conjuration/Fire             1
   b - Throw Flame                    Conjuration/Fire             2
   c - Conjure Flame                  Conjuration/Fire             3
   d - Inner Flame                    Hexes/Fire                   3
   e - Sticky Flame                   Conjuration/Fire             4
   f - Fireball                       Conjuration/Fire             5
Comestibles
 c - 3 bread rations
 i - 6 chunks of flesh
 n - 2 meat rations
 r - 2 royal jellies


   Skills:
 + Level 1.0 Fighting
 * Level 0.1 Armour
 + Level 2.8 Dodging
 + Level 2.8 Stealth
 * Level 3.9 Spellcasting
 + Level 2.0 Conjurations
 + Level 0.6 Hexes
 + Level 3.5 Fire Magic
 + Level 0.4 Evocations


You had one spell level left.
You knew the following spells:

 Your Spells              Type           Power        Failure   Level  Hunger
a - Flame Tongue          Conj/Fire      ###..        6%          1    None
b - Throw Flame           Conj/Fire      ###...       10%         2    #......
c - Conjure Flame         Conj/Fire      ###.....     19%         3    ###....
d - Inner Flame           Hex/Fire       ##......     26%         3    ###....


Dungeon Overview and Level Annotations

Branches:
Dungeon (3/15)

Altars:

Annotations:
D:3 Frank's ghost, amateur OpMo


Message History

Aiming: Flame Tongue
Press: ? - help, Shift-Dir - straight line, f/p - Frank's ghost
Aim: Frank's ghost, wielding a weapon of flaming (almost destroyed)
The flame tongue hits Frank's ghost.
Frank's ghost is almost destroyed.
Frank's ghost hits you.
* * * LOW HITPOINT WARNING * * *
Frank's ghost burns you.
* * * LOW HITPOINT WARNING * * *
It was a potion of agility.
You feel agile all of a sudden. Frank's ghost hits you.
* * * LOW HITPOINT WARNING * * *
Frank's ghost burns you.
* * * LOW HITPOINT WARNING * * *
You feel better. Frank's ghost barely misses you.
You hit Frank's ghost but do no damage.
Frank's ghost is almost destroyed.
Frank's ghost hits you!
You die...

#.. #.# #.. #.# #..
### #.# #..# ..##
#.# #...
#.#######.## #...
#......#...###
#..###.####...#....
#W#...## ###....##
#@..##### ##.#.#
##......# #.#.#
#...###.#####.#.#
#.#..# #.......#.#
###..# #########.#
...# #.#
#.>.###########.##
#...##........[..#
###. #.###.#####.#


You could see Frank's ghost.

Vanquished Creatures
  4 adders
  A worm (D:2)
  A leopard gecko (D:2)
  A giant cockroach (D:1)
  6 hobgoblins
  A kobold (D:1)
  A ball python (D:2)
  4 bats
  5 frilled lizards
  4 goblins
  6 rats
34 creatures vanquished.

Notes
Turn   | Place    | Note
-------+----------+-------------------------------------------
     0 | D:1      | Lorindel the Deep Elf Fire Elementalist began the quest for the Orb.
     0 | D:1      | Reached XP level 1. HP: 10/10 MP: 6/6
   198 | D:1      | Reached XP level 2. HP: 13/15 MP: 8/8
   208 | D:1      | Learned a level 2 spell: Throw Flame
  1114 | D:2      | Reached XP level 3. HP: 20/20 MP: 8/10
  1124 | D:2      | Learned a level 3 spell: Conjure Flame
  1128 | D:2      | Learned a level 3 spell: Inner Flame
  1756 | D:3      | Reached skill level 1 in Fighting
  1756 | D:3      | Reached XP level 4. HP: 25/25 MP: 7/11
  1763 | D:3      | Found a faded altar of an unknown god.
  1827 | D:3      | Noticed Frank's ghost (amateur OpMo)
  1841 | D:3      | HP: 1/25 [Frank's ghost (1)]
  1843 | D:3      | Slain by Frank's ghost

Skill      XL: |  1  2  3 |
---------------+----------+-----
Conjurations   | 2 |  2.0
Fighting       | 1 |  1.0
Armour         | |  0.1
Dodging        | |  2.8
Stealth        | |  2.8
Spellcasting   | |  3.9
Hexes          | |  0.6
Fire Magic     | |  3.5
Evocations     | |  0.4

Action                   |  1- 3 |  4- 6 || total
-------------------------+-------+-------++-------
Melee: Spear             |    69 |     3 ||    72
 Cast: Flame Tongue      |    28 |     9 ||    37
       Throw Flame       |    10 |     2 ||    12
       Conjure Flame     |     2 |     1 ||     3
  Use: Scroll            |     8 |       ||     8
       Potion            |       |     2 ||     2
 Stab: Sleeping          |     1 |       ||     1
  Eat: Chunk             |     3 |       ||     3
Armor: Robe              |    12 |       ||    12
       Leather armour    |     7 |     1 ||     8
Dodge: Dodged            |    59 |     3 ||    62
